 Dungeon Crawl Stone Soup version 0.18.1-48-g4cf74bf (webtiles) character file.

39 Necrotakul the Skirmisher (level 3, -1/26 HPs)
             Began as an Octopode Fighter on July 16, 2016.
             Slain by a goblin
             ... wielding a cursed -1 dagger
             ... led by Robin
              (5 damage)
             ... on level 2 of the Dungeon.
             The game lasted 00:03:48 (1445 turns).

Necrotakul the Skirmisher (Octopode Fighter)        Turns: 1445, Time: 00:03:49

Health: -1/26      AC:  1    Str: 20    XL:     3   Next: 47%
Magic:  3/3        EV: 11    Int: 10    God:
Gold:   57         SH:  9    Dex: 12    Spells: 0 memorised, 2 levels left

rFire  . . .     SeeInvis .     a - +0 long sword
rCold  . . .     Gourm    .     b - +0 shield
rNeg   . . .     Faith    .     (helmet restricted)
rPois  .         Spirit   .     (no amulet)
rElec  .         Dismiss  .     (no ring)
rCorr  .         Reflect  .     (no ring)
SustAt .         Harm     .     (no ring)
MR     .....                    (no ring)
Stlth  ++........               (no ring)
                                (no ring)
                                (no ring)
                                (no ring)

@: mighty, not resistant to hostile enchantments, unstealthy
A: almost no armour, amphibious, 8 rings, constrict 8, camouflage 1, gelatinous
body 1
a: no special abilities


You were on level 2 of the Dungeon.
You were hungry.

You visited 1 branch of the dungeon, and saw 2 of its levels.

You collected 57 gold pieces.

Inventory:

Hand Weapons
 a - a +0 long sword (weapon)
Armour
 b - a +0 shield (worn)
Jewellery
 l - an uncursed amulet of magic regeneration {unknown}
Scrolls
 h - a scroll of fog {unknown}
 i - a scroll of teleportation {unknown}
 j - 2 scrolls of fear {unknown}
 n - a scroll of enchant weapon {unknown}
 o - a scroll of remove curse {unknown}
Potions
 c - 3 potions of might
 e - a potion of degeneration {unknown}
 g - a potion of lignification {unknown}
 k - a potion of invisibility {unknown}
Comestibles
 d - 3 bread rations
 f - a fruit
 m - a meat ration


   Skills:
 + Level 3.4 Fighting
 + Level 2.4 Long Blades
 + Level 3.3 Dodging
 + Level 3.4 Shields


You had 2 spell levels left.
You didn't know any spells.

Dungeon Overview and Level Annotations

Branches:
Dungeon (2/15)

Altars:
Ru

Annotations:
D:2 Robin


Innate Abilities, Weirdness & Mutations

You cannot wear most types of armour.
You are amphibious.
You can wear up to eight rings at the same time.
You can use your tentacles to constrict eight enemies at once.
Your skin changes colour to match your surroundings (Stealth).
Your rubbery body absorbs attacks (AC +1).


Message History

Robin throws the goblin at you! You block the goblin's attack.
The goblin no longer looks unusually strong.
Robin roars a battlecry!
The goblins go into a battle-frenzy!
You block the goblin's attack.
Drink which item? (? for menu, Esc to quit)
You feel very mighty all of a sudden. The goblin hits you with a club.
* * * LOW HITPOINT WARNING * * *
You hit the goblin.
You kill the goblin!
The goblin hits you with a dagger.
* * * LOW HITPOINT WARNING * * *
You closely miss the goblin. Your grab misses the goblin.
Robin throws the goblin at you! The goblin hits you but does no damage.
You slash the goblin!
You kill the goblin!
The goblin closely misses you.
The goblin hits you with an enchanted dagger.
You die...

#l #.# ######### #.#
#.......# #.#
#.#####.# #.# #.#
#.#
#######.########.###
#.#
.....#...#.g.......#
#.# ..
#.......#####g#.#
#.# #..#.#..g#.#
#@#.# #.#
#g.)..†...#
##g#.###.#
#..#.##.####
#........# #.# ..
#.##.# #.##.##.##
#.# . ..##+#
#.##.##.# #.# ####
#.##.##.# #.#
#.##.##.# #.####
#.#..##.# ##.##.#
#....##.#####......


You could see Robin and a goblin.

Vanquished Creatures
  A worm (D:2)
  A dart slug (D:1)
  2 giant cockroaches
  6 goblins (D:2)
  3 hobgoblins
  5 kobolds (D:1)
  2 quokkas (D:2)
  A ball python (D:1)
  3 bats (D:1)
  4 giant newts (D:1)
  7 rats
  A plant (D:1)
36 creatures vanquished.

Notes
Turn   | Place    | Note
--------------------------------------------------------------
     0 | D:1      | Necrotakul the Octopode Fighter began the quest for the Orb.
     0 | D:1      | Reached XP level 1. HP: 16/16 MP: 1/1
   354 | D:1      | Reached XP level 2. HP: 19/21 MP: 2/2
  1128 | D:2      | Reached XP level 3. HP: 26/26 MP: 3/3
  1264 | D:2      | Found a sacrificial altar of Ru.
  1423 | D:2      | Noticed Robin
  1445 | D:2      | Slain by a goblin

Action                   || total
-------------------------++-------
Melee: Long sword        ||    78
       Constrict         ||    19
       Tentacles         ||    13
  Use: Potion            ||     1
 Stab: Sleeping          ||     9
  Eat: Chunk             ||     1
Armor: Skin              ||     3
Dodge: Dodged            ||    22
Block: Shield            ||    21
